 Dungeon Crawl Stone Soup version 0.27-a0-1200-g94dc6ad4cf (webtiles) character file.

Game seed: 7403849095078070294

742 Lanoc the Stinger (level 7, -1/59 HPs)
             Began as a Yellow Draconian Venom Mage on June 1, 2021.
             Killed by nerve-wracking pain
             ... invoked by Menkaure
              (12 damage)
             ... on level 5 of the Dungeon.
             The game lasted 00:06:22 (4227 turns).

Lanoc the Stinger (Yellow Draconian Venom Mage)     Turns: 4227, Time: 00:06:22

Health: -1/59      AC:  7    Str: 11    XL:     7   Next: 47%
Magic:  9/10       EV: 32    Int: 17    God:
Gold:   169        SH:  0    Dex: 11    Spells: 9/10 levels left

rFire    . . .     SeeInvis .   i - +1 whip (elec)
rCold    . . .     Faith    .   (no shield)
rNeg     . . .     Spirit   .   (armour unavailable)
rPois    .         Reflect  .   (helmet restricted)
rElec    .         Harm     .   (no cloak)
rCorr    +         Rampage  .   l - +0 pair of gloves
Will     .....                  (no boots)
Stlth    ++........             a - amulet of the acrobat
HPRegen  0.19/turn              e - +4 ring of evasion
MPRegen  0.12/turn              (no ring)

@: acrobatic
A: spit acid, AC +6, unfitting armour, cold-blooded, acid resistance
a: Breathe Acid


You were on level 5 of the Dungeon.
You visited 1 branch of the dungeon, and saw 5 of its levels.

You collected 169 gold pieces.

Inventory:

Hand Weapons
 i - a +1 whip of electrocution (weapon)
Armour
 l - a +0 pair of gloves (worn)
Jewellery
 a - an amulet of the acrobat (around neck)
 e - a +4 ring of evasion (left hand)
 m - a ring of poison resistance
Scrolls
 c - a scroll of holy word {unknown}
 d - 2 scrolls of vulnerability {unknown}
 f - 2 scrolls of immolation {unknown}
 g - 2 scrolls of teleportation {unknown}
 h - 3 scrolls of identify {unknown}
 j - a scroll of magic mapping {unknown}
 n - a scroll of amnesia {unknown}
 r - a scroll of blinking {unknown}
Potions
 b - a potion of flight {unknown}
 k - 3 potions of curing
 o - a potion of haste {unknown}
 p - a potion of degeneration {unknown}
 q - a potion of mutation {unknown}


   Skills:
 + Level 4.3 Fighting
 + Level 4.0 Dodging
 - Level 1.7 Stealth
 - Level 2.0 Spellcasting
 - Level 1.0 Transmutations
 * Level 6.6 Poison Magic


You had 9 spell levels left.
You knew the following spells:

 Your Spells              Type           Power      Damage    Failure   Level
a - Sting                 Tmut/Pois      56%        1d5       4%          1

Your spell library contained the following spells:

 Spells                   Type           Power      Damage    Failure   Level
 Poisonous Vapours        Pois/Air       26%        N/A       8%          2
 Olgreb's Toxic Radiance  Pois           24%        N/A       13%         4
 Ignite Poison            Fire/Tmut/Pois 10%        N/A       21%         3
 Mephitic Cloud           Conj/Pois/Air  9%         N/A       24%         3


Dungeon Overview and Level Annotations

Branches:
Dungeon (5/15)
 Temple: D:4-7

Altars:
Elyvilon
Hepliaklqana
Makhleb
Qazlal
Trog
Yredelemnul

Shops:
D:1 (

Annotations:
D:5 Menkaure


Innate Abilities, Weirdness & Mutations

You can spit globs of acid.
Your golden yellow scales are hard. (AC +6)
You cannot fit into any form of body armour.
You are cold-blooded and may be slowed by cold attacks.
You are resistant to acid. (rCorr)


Message History

Press: ? - help, Shift-Dir - straight line, f - Menkaure
Aim: Menkaure (86% to hit)
The sting hits Menkaure but does no damage.
An ogre comes into view. It is wielding a +0 giant club.
Press: ? - help, Shift-Dir - straight line, f/p - Menkaure
Aim: Menkaure You spit a glob of acid.
The glob of acid hits Menkaure.
Menkaure is splashed with acid.
The acid corrodes Menkaure!
Menkaure is heavily damaged.
Menkaure calls on the powers of darkness!
Your body is wracked with pain!
The ogre convulses!
You hit Menkaure.
Menkaure is heavily damaged.
Menkaure hits you!
Menkaure calls on the powers of darkness!
The ogre convulses!
Your body is wracked with pain!
* * * LOW HITPOINT WARNING * * *
You barely miss the ogre.
The ogre is severely wounded.
The ogre misses you.
Menkaure mumbles some strange words.
Menkaure seems to speed up.
Casting: Sting (safe; 4% risk of failure)
Confirm with . or Enter, or press ? or * to list all spells.
Aiming: Sting (safe; 4% risk of failure)
Press: ? - help, Shift-Dir - straight line, f/p - Menkaure
Aim: Menkaure (heavily damaged, fast, covered in acid, 86% to hit)
The sting hits the ogre.
The ogre is poisoned.
The ogre is almost dead.
The ogre completely misses you.
Menkaure blazes with dark energy!
You hit Menkaure.
Menkaure is severely damaged.
Menkaure gestures at you while chanting.
Pain shoots through your body!
* * * LOW HITPOINT WARNING * * *
You have got your breath back.
Menkaure gestures at you while chanting.
Pain shoots through your body!
You die...

#........# #........#
#........# #........###
#..........#
#..........#
#..†.......##### #
####...>.....O....##...#
#...........@M.........'
#........##...###..#####
#####........###### #.#
#............# .#
#............# #
#............#
#.....(......#
#............#
#............#


You could see an ogre (poisoned) and Menkaure (fast, corroded).

Vanquished Creatures
  2 ogres
  A phantom (D:5)
  3 scorpions
  A howler monkey (D:5)
  An orc priest (D:4)
  A bullfrog skeleton (D:3)
  A centaur skeleton (D:4)
  An iguana (D:5)
  4 gnolls (D:4)
  4 adders
  A white imp (D:5)
  2 adder skeletons (D:4)
  5 worms
  2 dart slugs (D:1)
  3 orcs
  7 ball pythons
  6 bats
  7 endoplasms
  3 giant cockroaches
  7 goblins
  5 hobgoblins
  4 jackals (D:1)
  4 quokkas
  3 frilled lizards
  10 kobolds
  A rat (D:2)
89 creatures vanquished.

Vanquished Creatures (others)
  14 plants (D:4)
14 creatures vanquished.

Grand Total: 103 creatures vanquished

Notes
Turn   | Place    | Note
-------+----------+-------------------------------------------
     0 | D:1      | Lanoc the Draconian Venom Mage began the quest for the Orb.
     0 | D:1      | Reached XP level 1. HP: 14/14 MP: 3/3
   225 | D:1      | Reached XP level 2. HP: 22/22 MP: 1/5
   425 | D:1      | Reached skill level 1 in Fighting
   795 | D:1      | Found Bol Vyiq's Weapon Boutique.
   835 | D:1      | You fall into a shaft and drop 1 floor!
   847 | D:2      | Reached XP level 3. HP: 16/28 MP: 0/6
  1104 | D:2      | Reached skill level 4 in Poison Magic
  1282 | D:2      | Reached XP level 4. HP: 26/36 MP: 0/7
  1781 | D:3      | Found a burning altar of Makhleb.
  2020 | D:3      | Found a stormy altar of Qazlal.
  2028 | D:3      | Found a white marble altar of Elyvilon.
  2028 | D:3      | Found a basalt altar of Yredelemnul.
  2254 | D:3      | Found a bloodstained altar of Trog.
  2595 | D:4      | Noticed an ogre
  2607 | D:4      | Killed an ogre
  2608 | D:4      | Reached XP level 5. HP: 42/42 MP: 3/8
  2686 | D:4      | Reached skill level 5 in Poison Magic
  3004 | D:4      | Reached XP level 6. HP: 51/51 MP: 3/9
  3593 | D:4      | Found a hazy altar of Hepliaklqana.
  3917 | D:5      | Entered Level 5 of the Dungeon
  3956 | D:5      | Reached skill level 6 in Poison Magic
  3956 | D:5      | Your scales start taking on a golden yellow colour.
  3956 | D:5      | Reached XP level 7. HP: 58/58 MP: 5/10
  3956 | D:5      | Gained mutation: You are resistant to acid. (rCorr) [Yellow
                  | Draconian growth]
  4214 | D:5      | Noticed Menkaure
  4227 | D:5      | Killed from afar by Menkaure

Illustrated notes

Levels and vault maps discovered:
D:1:      dpeg_arrival_stone_temple_mockup, layout_rooms, serial_shops, shop
D:2:      layout_rooms, kennysheep_crisscross
D:3:      layout_loops_ring, lightli_temple_of_fire, trog_three_pillars_becter,
          minitemple, kennysheep_small_spiral
D:4:      minmay_diamond_boxcup, layout_gridville,
          nicolae_hepliaklqana_hazy_memory
D:5:      layout_basic, chequers_serial_rivers_large_a, goddamned_bats,
          uniq_menkaure

Skill      XL: |  1  2  3  4  5  6  7 |
---------------+----------------------+-----
Dodging        | 2 3 4 |  4.0
Fighting       | 1 2 3 4 |  4.3
Poison Magic   | 4 5 6 |  6.6
Stealth        | |  1.7
Spellcasting   | |  2.0
Transmutations | |  1.0

Action                   |  1- 3 |  4- 6 |  7- 9 || total
-------------------------+-------+-------+-------++-------
Melee: Unarmed           |    26 |       |       ||    26
       Whip              |    38 |    40 |    15 ||    93
       Tailslap          |     4 |     2 |     1 ||     7
 Cast: Sting             |    62 |   108 |    14 ||   184
 Abil: Breathe Acid      |       |       |     2 ||     2
  Use: Potion            |     2 |       |       ||     2
 Stab: Sleeping          |       |     2 |       ||     2
Armor: Skin              |    28 |    22 |     3 ||    53
Dodge: Dodged            |   116 |   102 |    13 ||   231

Table legend: (Time is in decaauts)
 A = Elapsed time spent in this place.
 B = Non-inter-level travel time spent in this place.
 C = Inter-level travel time spent in this place.
 D = Time resting spent in this place.
 E = Time spent auto-exploring this place.
 F = Levels seen in this place.
 G = Mean time per level.
                   A        B        C        D        E       F      G
               +--------+--------+--------+--------+--------+-----+--------+
         Total |   4245 |   4172 |     73 |      0 |   3465 |   5 |  849.0 |
       Dungeon |   4245 |   4172 |     73 |      0 |   3465 |   5 |  849.0 |
               +--------+--------+--------+--------+--------+-----+--------+

Top non-repeatable levels by time:
     D:4: 1333 daAuts
     D:3: 974 daAuts
     D:1: 836 daAuts
     D:2: 789 daAuts
     D:5: 311 daAuts
